cohdb
Replays
Latest Replays
All Replays
Popular Replays
Top Player Replays
Match Explorer
How It Works
Community
CoH3 Stats
Reddit
Sign in to upload your games and track your stats! →
Sign in with Steam
Match 41763255
Unlisted
Match 41763255
Overview
Messages
Build Orders
End
Construct Infanterie Kompanie
Selects Breakthrough Battlegroup
Selects Assault Grenadiers
Grenadier Squad
Grenadier Squad
Grenadier Squad
Grenadier Squad
Infanterie Officer Quarters
Construct Panzergrenadier Kompanie
251 Medium Carrier
Selects Rapid Production
Panzergrenadier Squad
Pioneer Squad
MG 42 Machine Gun Team
Panzergrenadier Squad
Selects Blitzkrieg
Construct Panzer Kompanie
Panzer IV Medium Tank
Pak 40 Anti-tank Gun Team
Stoßtruppen Squad
Selects Tiger Heavy Tank
Tiger Heavy Tank
Panzer Officer Quarters
Pak 40 Anti-tank Gun Team
Pioneer Squad
Selects Breakthrough
Selects Incendiary Bombing Run
Incendiary Bombing Run
Stoßtruppen Squad
Panzer IV Medium Tank
Axis unplayable
[82AD] Janko
HulkSMASH
⚓️Ruby⚓
0
0
Comments
sign in to comment!
No comments posted yet!